 Dungeon Crawl Stone Soup version 0.21.1-1-g345015fe64 (webtiles) character file.

287 Kohma the Shield-Bearer (level 6, -10/39 HPs)
             Began as a Gargoyle Fighter on June 16, 2018.
             Mangled by an orc warrior
             ... wielding a +0 battleaxe
              (22 damage)
             ... on level 3 of the Dungeon.
             The game lasted 00:12:46 (3061 turns).

Kohma the Shield-Bearer (Gargoyle Fighter)          Turns: 3061, Time: 00:12:47

Health: -10/39     AC: 14    Str: 21    XL:     6   Next: 30%
Magic:  6/6        EV:  7    Int:  9    God:
Gold:   68         SH:  9    Dex:  9    Spells: 5/5 levels left

rFire    . . .     SeeInvis .   a - +0 flail
rCold    . . .     Gourm    .   c - +0 shield
rNeg     + . .     Faith    +   b - +1 scale mail
rPois    ∞         Spirit   .   (no helmet)
rElec    +         Reflect  .   (no cloak)
rCorr    .         Harm     .   (no gloves)
MR       .....                  (no boots)
Stlth    ..........             r - amulet of faith
HPRegen  0.13/turn              j - +2 ring of protection
MPRegen  0.10/turn              (no ring)

@: no status effects
A: negative energy resistance 1, electricity resistance, unbreathing,
petrification resistance, rot immunity, AC +4
a: no special abilities


You were on level 3 of the Dungeon.
You were not hungry.

You visited 2 branches of the dungeon, and saw 5 of its levels.

You collected 276 gold pieces.
You spent 208 gold pieces at shops.

Inventory:

Hand Weapons
 a - a +0 flail (weapon)
 p - a +0 whip
Missiles
 o - 5 steel tomahawks (quivered)
Armour
 b - a +1 scale mail (worn)
 c - a +0 shield (worn)
Jewellery
 j - a +2 ring of protection (left hand)
 r - an amulet of faith (around neck)
Scrolls
 g - 3 scrolls of remove curse
 h - 6 scrolls of identify
 i - a scroll of magic mapping {unknown}
Potions
 d - 2 potions of might
 e - a potion of heal wounds
 k - a potion of ambrosia {unknown}
 m - a potion of lignification
 n - a potion of brilliance
Comestibles
 f - 8 rations


   Skills:
 + Level 4.6 Fighting
 * Level 3.6 Maces & Flails
 + Level 4.7 Armour
 + Level 4.7 Shields


You had 5 spell levels left.
You didn't know any spells.

Dungeon Overview and Level Annotations

Branches:
Dungeon (4/15)             Temple (1/1) D:4

Altars:
Cheibriados
Dithmenos
Elyvilon
Hepliaklqana
Kikubaaqudgha
Nemelex Xobeh
Qazlal
Sif Muna
Uskayaw
Yredelemnul
Zin
The Shining One
Lugonu

Shops:
D:4 ?*

Annotations:
D:3 Sigmund


Innate Abilities, Weirdness & Mutations

You are resistant to torment.
Your stone body is resilient. (AC +4)
You are immune to poison.
You resist negative energy. (rN+)
You are resistant to electric shocks. (rElec)
You can survive without breathing.
You are immune to petrification.
You are immune to rotting.


Message History

You block the orc warrior's attack.
You barely miss the orc warrior.
The orc warrior is severely wounded.
You block the orc warrior's attack.
You hit the orc warrior.
The orc warrior is almost dead.
You block the orc warrior's attack.
You hit the orc warrior.
The orc warrior is almost dead.
The orc warrior hits you with a battleaxe.
You hit the orc warrior but do no damage.
The orc warrior is almost dead.
The iguana barely misses you. You block the orc warrior's attack.
You hit the orc warrior but do no damage.
The orc warrior is almost dead.
The iguana bites you. The orc warrior closely misses you. The iguana bites you.
You barely miss the iguana.
The orc warrior hits you with a battleaxe!!
Ouch! That really hurt!
You die...

.#.##........####..#
.#.##.##.....#
.#.##.#####.##
.#.##.#####.#
.#...<......#
..###.####.##
..##..###.##
.....###.##
#########..≈
..##..#.##
#ooo@l....≈.
..##...##
#.#######.#.
..##....#####.######
..##......o.oo.......
..##..##..###[#######
<#.#..###..##.######
................o..#
..##.######...>.....
.....# ########.#


You could see an orc warrior, an iguana, an orc wizard and an orc.

Vanquished Creatures
  Eustachio (D:4)
  An iguana (D:4)
  A hound skeleton (D:4)
  6 adders
  2 adder skeletons (D:4)
  An adder zombie (D:4)
  A worm (D:2)
  4 dart slugs
  A leopard gecko (D:4)
  3 orcs (D:3)
  3 bats
  5 giant cockroaches
  3 hobgoblins
  3 quokkas
  2 frilled lizards
  3 kobolds
  7 rats
47 creatures vanquished.

Notes
Turn   | Place    | Note
-------+----------+-------------------------------------------
     0 | D:1      | Kohma the Gargoyle Fighter began the quest for the Orb.
     0 | D:1      | Reached XP level 1. HP: 14/14 MP: 1/1
   217 | D:1      | Reached XP level 2. HP: 19/19 MP: 2/2
   774 | D:2      | Reached XP level 3. HP: 16/23 MP: 3/3
  1063 | D:2      | Found an ancient bone altar of Kikubaaqudgha.
  1485 | D:2      | Found a shadowy altar of Dithmenos.
  1583 | D:3      | Reached XP level 4. HP: 29/29 MP: 4/4
  1672 | D:3      | Found a snail-covered altar of Cheibriados.
  1717 | D:3      | Noticed Sigmund
  1951 | D:4      | Found Subroibo's Magic Scroll Emporium.
  1957 | D:4      | Bought a scroll of remove curse for 39 gold pieces
  1957 | D:4      | Bought a scroll of remove curse for 39 gold pieces
  1957 | D:4      | Bought a scroll of identify for 26 gold pieces
  1957 | D:4      | Bought a scroll of identify for 26 gold pieces
  1957 | D:4      | Bought a scroll of identify for 26 gold pieces
  1957 | D:4      | Bought a scroll of identify for 26 gold pieces
  1957 | D:4      | Bought a scroll of identify for 26 gold pieces
  2009 | D:4      | Found a stormy altar of Qazlal.
  2024 | D:4      | Found a staircase to the Ecumenical Temple.
  2037 | Temple   | Entered the Ecumenical Temple
  2471 | D:4      | Found Ekhlymp's General Store.
  2522 | D:4      | Noticed Eustachio
  2623 | D:4      | Killed Eustachio
  2623 | D:4      | Reached XP level 5. HP: 29/34 MP: 5/5
  2623 | D:4      | Reached XP level 6. HP: 33/39 MP: 6/6
  2864 | D:4      | Found a white marble altar of Elyvilon.
  3011 | D:3      | Noticed an orc warrior
  3061 | D:3      | Mangled by an orc warrior

Skill      XL: |  1  2  3  4 |
---------------+-------------+-----
Armour         | 4 |  4.7
Shields        | 4 |  4.7
Fighting       | 4 |  4.6
Maces & Flails | 3 |  3.6

Action                   |  1- 3 |  4- 6 || total
-------------------------+-------+-------++-------
Melee: Flail             |    74 |   154 ||   228
       Whip              |    72 |    80 ||   152
  Use: Scroll            |       |     9 ||     9
       Potion            |       |     2 ||     2
  Eat: Chunk             |     2 |     3 ||     5
       Ration            |       |     1 ||     1
Armor: Scale mail        |    84 |   151 ||   235
Dodge: Dodged            |    41 |   109 ||   150
Block: Shield            |    85 |   167 ||   252
